Map: Cyber Forest LE

Players

Throwfordays - Winner!

  • Race: Protoss Protoss
  • League: Silver
  • Spawn Location: 11:00

Serenity

  • Race: Zerg Zerg
  • League: Bronze
  • Spawn Location: 5:00

VOD

Have the link to the VOD?

Description

Time

  • Played on: Feb. 10, 2019, 4:23 p.m.
  • Length: 9:42
Show
View Real Time Build Order
Export as new Build Order

Throwfordays Protoss - Winner!

Build Orders:  

Get SALT Encoding   

  12  0:00  Probe  
  13  0:12  Probe  
  14  0:19  Pylon  
  14  0:24  Probe  
  15  0:37  Probe  
  15  0:39  Gateway  
  16  0:49  Probe  
  17  0:53  Assimilator  
  17  1:01  Probe  
  18  1:13  Probe  
  19  1:25  Probe  
  20  1:26  Cybernetics Core  
  20  1:37  Pylon, Probe  
  21  1:42  Warp Gate  
  21  1:45  Gateway  
  21  1:47  Pylon  
  21  1:57  Zealot  
  23  2:24  Adept  
  25  2:30  Nexus  
  25  2:38  Forge  
  25  2:51  Twilight Council  
  25  2:58  Adept  
  27  3:01  Adept  
  29  3:06  Probe  
  30  3:17  Photon Cannon  
  30  3:18  Probe  
  31  3:30  Photon Cannon  
  31  3:34  Resonating Glaives  
  31  3:39  Protoss Ground Weapons Level 1  
  31  3:41  Probe  
  32  3:49  Probe  
  33  3:59  Probe  
  30  4:11  Probe  
  30  4:12  Assimilator  
  30  4:13  Assimilator, Probe  
  32  4:20  Assimilator  
  32  4:21  Probe  
  32  4:23  Probe  
  33  4:30  Probe  
  34  4:36  Pylon, Probe  
  36  4:42  Probe  
  37  4:48  Probe  
  38  4:54  Pylon, Probe  
  38  4:56  Pylon  
  38  4:58  Adept  
  38  4:59  Adept  
  43  5:00  Probe  
  43  5:06  Probe  
  45  5:12  Probe  
  45  5:13  Forge  
  46  5:14  Blink  
  46  5:17  Forge  
  46  5:18  Probe  
  47  5:22  Gateway  
  47  5:23  Probe  
  48  5:30  Probe  
  48  5:31  Probe  
  48  5:35  Protoss Ground Weapons Level 2  
  49  5:36  Protoss Ground Armor Level 1  
  49  5:38  Probe  
  49  5:40  Probe  
  51  5:45  Adept x2  
  51  5:46  Probe  
  56  5:52  Gateway  
  56  5:54  Gateway  
  57  5:57  Probe  
  58  6:07  Stalker x2  
  62  6:22  Stalker  
  64  6:44  Pylon  
  64  6:46  Pylon  
  64  6:50  Robotics Facility x2  
  64  6:57  Pylon  
  64  7:00  Pylon  
  64  7:02  Sentry x3  
  64  7:04  Stalker  
  68  7:15  Charge  
  68  7:24  Stalker  
  68  7:26  Stalker x2  
  68  7:27  Stalker  
  76  7:30  Stalker  
  72  8:11  Adept  
  72  8:12  Adept x4  
  76  8:52  Stalker x5  
Show
View Real Time Build Order
Export as new Build Order

Serenity Zerg 

Build Orders: Pool First 

Get SALT Encoding   

  12  0:13  Drone x2  
  14  0:30  Spawning Pool  
  14  0:35  Drone  
  14  0:39  Overlord  
  14  0:56  Extractor  
  13  0:57  Drone x3  
  16  1:09  Drone  
  17  1:18  Queen  
  17  1:20  Zergling x2  
  20  1:33  Spine Crawler  
  19  1:54  Zergling x6  
  22  2:06  Overlord  
  22  2:19  Hatchery  
  21  2:24  Queen  
  23  2:49  Zergling x10  
  23  2:50  Zergling x2  
  29  3:06  Metabolic Boost  
  29  3:10  Roach Warren  
  28  3:23  Spore Crawler  
  27  3:28  Zergling x4  
  27  3:29  Zergling x2  
  30  3:37  Queen  
  30  3:38  Drone  
  30  3:40  Drone  
  33  4:01  Roach  
  33  4:02  Roach x2  
  30  4:23  Roach x2  
  34  4:28  Roach  
  36  4:33  Overlord  
  36  4:51  Drone x2  
  36  4:52  Drone x3  
  41  5:06  Extractor  
  40  5:11  Lair  
  40  5:21  Evolution Chamber  
  40  5:25  Drone x3  
  40  5:27  Drone  
  43  5:33  Drone  
  44  5:38  Overlord  
  44  5:52  Overlord  
  44  6:02  Roach x4  
  52  6:09  Overlord  
  52  6:16  Roach  
  52  6:17  Roach x2  
  58  6:22  Roach  
  60  6:45  Spore Crawler, Overlord x3  
  59  6:56  Drone  
  59  6:58  Overlord x2  
  60  7:03  Drone x2  
  60  7:12  Zerg Ground Armor Level 1  
  59  7:16  Glial Reconstitution  
  59  7:21  Drone  
  59  7:22  Drone  
  61  7:31  Zergling x2  
  61  7:32  Zergling x6  
  61  7:35  Zergling x2  
  52  7:58  Zergling x4  
  52  7:59  Zergling x12  
  52  8:11  Roach x2  
  41  8:41  Roach x4  
  38  8:53  Roach x3  
  44  9:01  Spine Crawler  
  43  9:08  Spine Crawler  
  32  9:22  Roach x2  
Tags
 
Matchup
PvZ
Opening
Pool First
Replay Pack
Multiplayer
Spawn Locations
Cross Positions
Add a new tag
Caveats
  • Supply blocks, unpowered buildings, or Contaminate may cause inaccurate times.
  • Supply counts are checked every 10 seconds.